 Dungeon Crawl Stone Soup version 0.28-a0-1435-g82390b3a13 (webtiles) character file.

Game seed: 16164967647845388844

89 porpoise the Sneak (level 4, 0/35 HPs)
             Began as a Demonspawn Brigand on Jan 10, 2022.
             Slain by Sigmund (9 damage)
             ... on level 2 of the Dungeon.
             The game lasted 00:06:10 (1896 turns).

porpoise the Sneak (Demonspawn Brigand)             Turns: 1896, Time: 00:06:11

Health: 0/35       AC:  4    Str: 13    XL:     4   Next: 31%
Magic:  4/4        EV: 11    Int: 12    God:
Gold:   56         SH:  0    Dex: 15    Spells: 3/3 levels left

rFire   . . .      SeeInvis .   a - +0 dagger (drain)
rCold   . . .      Faith    .   (no shield)
rNeg    . . .      Spirit   .   j - +0 robe
rPois   .          Reflect  .   (helmet restricted)
rElec   .          Harm     .   c - +1 cloak
rCorr   .          Rampage  .   (no gloves)
Will    .....                   (no boots)
Stlth   +++.......              (no amulet)
HPRegen 0.11/turn               (no ring)
MPRegen 0.09/turn               (no ring)

@: no status effects
A: antennae 1, ignite blood 1
a: no special abilities


You were on level 2 of the Dungeon.
You visited 1 branch of the dungeon, and saw 2 of its levels.

You collected 56 gold pieces.

Inventory:

Hand Weapons
 a - a +0 dagger of draining (weapon)
 b - a +0 hunting sling
 g - a +2 dagger
Missiles
 d - 8 poisoned darts (quivered)
 e - 2 curare-tipped darts
 m - 7 sling bullets
 n - 73 stones
 o - 22 bolts
 q - 28 arrows
Armour
 c - a +1 cloak (worn)
 j - a +0 robe (worn)
Scrolls
 k - a scroll of enchant armour
 r - a scroll of summoning
Potions
 f - 2 potions of mutation {unknown}
 h - a potion of heal wounds {unknown}
 i - a potion of cancellation {unknown}
 l - 3 potions of curing {unknown}
 p - a potion of lignification {unknown}


   Skills:
 * Level 3.3 Fighting
 * Level 2.9 Short Blades
 - Level 1.7 Throwing
 - Level 0.8 Dodging
 + Level 4.1 Stealth


You had 3 spell levels left.
You didn't know any spells.
Your spell library contained the following spells:

 Spells                   Type           Power      Damage    Failure   Level
 Slow                     Hex            0%         N/A       32%         1
 Confusing Touch          Hex            0%         N/A       69%         3
 Vampiric Draining        Necr           0%         2d6       69%         3


Dungeon Overview and Level Annotations

Branches:
Dungeon (2/15)

Altars:

Annotations:
D:2 Sigmund


Innate Abilities, Weirdness & Mutations

You have a pair of small antennae on your head.
Your demonic aura sometimes causes spilled blood to erupt in flames.


Message History

You closely miss the adder.
The adder is moderately wounded.
The adder bites you but does no damage.
Sigmund breathes a few words.
Sigmund's hands start flickering wildly.
Sigmund misses you.
You completely miss the adder.
The adder is moderately wounded.
The adder barely misses you.
You hit the adder.
The adder is heavily wounded.
The adder closely misses you. Sigmund misses you.
You hit the adder but do no damage.
The adder is heavily wounded.
The adder bites you.
You hit the adder. You drain the adder.
The adder is almost dead.
The adder barely misses you.
Sigmund casts a spell.
Sigmund flickers and vanishes!
Deactivating autopickup; reactivate with Ctrl-A.
You hit the adder but do no damage. You drain the adder.
You kill the adder!
Something hits you.
You see here an adder corpse.
You hit something. Something hits you.
You barely miss something.
You hear some strange, mumbled words.
Something tries to affect you, but you resist.
You hit something but do no damage. You closely miss something.
Something hits you.
* * * LOW HITPOINT WARNING * * *
You miss something.
You hear some strange, mumbled words.
Something tries to affect you, but you resist.
You hit something but do no damage. You closely miss something.
Something hits you but does no damage.
You miss something. You closely miss something. Something hits you!
You die...

*,,,,,,,,,* *#####....#####
*****,***** #......... *,*
#......... ##,* ##..######
#.,* #..# # ###.** #..# #...*
#..# *####...* #######
####..#
,>......######g{@..###.....#
*#.........##..###..##.##.##
#............##{##.##.##.#
#............#{{,#....##.#
####...##..###*+*###..##.#
#...*#.##,*,,{*,##.##.#
#...#..+,,+,,,+,,#.##.#***
###.#..#*,*,,,*,*#.....,,****
#.....****+****....,,,,,,,,


You could see a hobgoblin.

Vanquished Creatures
  4 adders (D:2)
  3 dart slugs
  2 ball pythons (D:1)
  5 bats
  5 endoplasms
  2 giant cockroaches
  5 goblins
  A hobgoblin (D:1)
  3 jackals (D:1)
  4 quokkas
  3 frilled lizards (D:1)
  4 kobolds
  4 rats
45 creatures vanquished.

Notes
Turn   | Place    | Note
-------+----------+-------------------------------------------
     0 | D:1      | porpoise the Demonspawn Brigand began the quest for the
                  | Orb.
     0 | D:1      | Reached XP level 1. HP: 16/16 MP: 1/1
   437 | D:1      | Gained mutation: Your demonic aura sometimes causes spilled
                  | blood to erupt in flames. [demonic ancestry]
   437 | D:1      | Reached XP level 2. HP: 21/23 MP: 2/2
   751 | D:1      | Found a faded altar of an unknown god.
   911 | D:1      | Reached XP level 3. HP: 23/28 MP: 3/3
  1647 | D:2      | Reached skill level 4 in Stealth
  1790 | D:2      | Gained mutation: You have a pair of small antennae on your
                  | head. [demonic ancestry]
  1790 | D:2      | Reached XP level 4. HP: 35/35 MP: 4/4
  1860 | D:2      | Noticed Sigmund
  1896 | D:2      | Slain by Sigmund

Illustrated notes

Levels and vault maps discovered:
D:1:      psy_arrival_wood_between_worlds, layout_loops_ring,
          ebering_ecumenical_altar_hall, minmay_vboxes
D:2:      cheibrodos_greedy_goblins, layout_loops_ring, uniq_sigmund

Skill      XL: |  1  2  3 |
---------------+----------+-----
Short Blades   | 2 |  2.9
Fighting       | 3 |  3.3
Stealth        | 4 |  4.1
Throwing       | |  1.7
Dodging        | |  0.8

Action                   |  1- 3 |  4- 6 || total
-------------------------+-------+-------++-------
Melee: Dagger            |    96 |    28 ||   124
       Punch             |     1 |       ||     1
 Fire: Hunting sling     |    10 |       ||    10
  Use: Scroll            |     3 |       ||     3
 Stab: Sleeping          |     9 |       ||     9
Armor: Robe              |    19 |     6 ||    25
Dodge: Dodged            |    36 |    12 ||    48

Table legend: (Time is in decaauts)
 A = Elapsed time spent in this place.
 B = Non-inter-level travel time spent in this place.
 C = Inter-level travel time spent in this place.
 D = Time resting spent in this place.
 E = Time spent auto-exploring this place.
 F = Levels seen in this place.
 G = Mean time per level.
                   A        B        C        D        E       F      G
               +--------+--------+--------+--------+--------+-----+--------+
         Total |   1877 |   1867 |     10 |    576 |    792 |   2 |  938.5 |
       Dungeon |   1877 |   1867 |     10 |    576 |    792 |   2 |  938.5 |
               +--------+--------+--------+--------+--------+-----+--------+

Top non-repeatable levels by time:
     D:1: 1331 daAuts
     D:2: 546 daAuts
